 Dungeon Crawl Stone Soup version 0.20.1-1-g8b1a95d (webtiles) character file.

177 Bingowings the Cutter (level 5, -7/54 HPs)
             Began as a Halfling Berserker on Aug 5, 2017.
             Was a Priest of Trog.
             Mangled by Crazy Yiuf
             ... wielding a +3 quarterstaff of chaos
              (9 damage)
             ... on level 4 of the Dungeon.
             The game lasted 00:06:17 (2872 turns).

Bingowings the Cutter (Halfling Berserker)          Turns: 2872, Time: 00:06:17

Health: -7/54      AC:  5    Str: 23    XL:     5   Next: 87%
Magic:  5/5        EV: 16    Int:  5    God:    Trog [***...]
Gold:   88         SH:  0    Dex: 15    Spells: 4/4 levels left

rFire    . . .     SeeInvis .   a - +0 short sword
rCold    . . .     Gourm    .   (shield restricted)
rNeg     . . .     Faith    .   d - +0 leather armour
rPois    .         Spirit   .   (no helmet)
rElec    .         Reflect  .   (no cloak)
rCorr    .         Harm     .   f - +0 pair of gloves
MR       .....     Rnd*Tele +   o - +0 pair of boots
Stlth    ..........             (no amulet)
Regen    0.2/turn               h - ring of teleportation
MPRegen  0.1/turn               (no ring)

@: berserking, slowed
A: mutation resistance 1
a: Berserk, Trog's Hand, Burn Spellbooks, Renounce Religion


You were on level 4 of the Dungeon.
You worshipped Trog.
Trog was most pleased with you.
You were not hungry.

You visited 1 branch of the dungeon, and saw 4 of its levels.

You collected 88 gold pieces.

Inventory:

Hand Weapons
 a - a +0 short sword (weapon)
 j - a cursed +0 dagger
Armour
 d - a +0 leather armour (worn)
 f - a +0 pair of gloves (worn)
 o - a +0 pair of boots (worn)
Jewellery
 h - a ring of teleportation (left hand)
Scrolls
 g - a scroll of recharging
Potions
 c - a potion of haste {unknown}
 e - 2 potions of lignification {unknown}
 i - a potion of berserk rage {unknown}
 k - a potion of mutation {unknown}
 l - a potion of resistance {unknown}
 n - 2 potions of might
Comestibles
 b - 3 meat rations
 m - a royal jelly


   Skills:
 + Level 3.6 Fighting
 + Level 5.2 Short Blades
 + Level 2.5 Armour
 + Level 3.5 Dodging
 + Level 1.3 Stealth


You had 4 spell levels left.
You didn't know any spells.

Dungeon Overview and Level Annotations

Branches:
Dungeon (4/15)
 Temple: D:4-7

Altars:
Okawaru

Annotations:
D:4 Crazy Yiuf


Innate Abilities, Weirdness & Mutations

You are small and have problems with some larger weapons.
You are somewhat resistant to further mutation.


Message History

Crazy Yiuf hits you but does no damage.
You feel yourself slow down.
You hit Crazy Yiuf.
Crazy Yiuf is lightly wounded.
Crazy Yiuf hits you with a quarterstaff of chaos.
You are electrocuted!
A red film seems to cover your vision as you go berserk!
You feel yourself moving faster!
You feel mighty!
You feel quite a bit more hungry.
Crazy Yiuf hits you with a quarterstaff of chaos!
* * * LOW HITPOINT WARNING * * *
Crazy Yiuf hits you with a quarterstaff of chaos!
* * * LOW HITPOINT WARNING * * *
Crazy Yiuf freezes you.
* * * LOW HITPOINT WARNING * * *
You barely miss Crazy Yiuf.
Crazy Yiuf is lightly wounded.
You closely miss Crazy Yiuf.
Crazy Yiuf is lightly wounded.
Crazy Yiuf hits you with a quarterstaff of chaos!
You die...

#### ♣♣####
#)..#♣♣ ♣♣.#..##
#..g@.♣♣♣♣......#
#...#♣..♣..♣....#
#### ♣♣♣.♣..#.#.#
♣♣♣♣♣###.# #..#
########..####
.......>.....#
.............#
............##


You could see Crazy Yiuf.

Vanquished Creatures
  2 worker ants
  A worker ant zombie (D:4)
  2 adders (D:3)
  2 oozes
  2 worms (D:2)
  4 dart slugs
  2 leopard geckos
  5 orcs (D:3)
  A ball python (D:2)
  4 bats
  3 giant cockroaches
  6 goblins
  9 hobgoblins
  9 jackals
  2 frilled lizards (D:1)
  5 kobolds
  15 rats
74 creatures vanquished.

Notes
Turn   | Place    | Note
-------+----------+-------------------------------------------
     0 | D:1      | Bingowings the Halfling Berserker began the quest for the Orb.
     0 | D:1      | Reached XP level 1. HP: 15/15 MP: 1/1
    34 | D:1      | Reached XP level 2. HP: 6/20 MP: 2/2
   591 | D:1      | Reached XP level 3. HP: 22/26 MP: 3/3
   782 | D:1      | Reached skill level 4 in Short Blades
  1295 | D:2      | Reached ** piety under Trog
  1477 | D:2      | Found an iron altar of Okawaru.
  1566 | D:2      | Reached XP level 4. HP: 31/31 MP: 4/4
  1877 | D:3      | Reached skill level 1 in Stealth
  2220 | D:3      | Reached XP level 5. HP: 18/36 MP: 5/5
  2224 | D:3      | Reached skill level 5 in Short Blades
  2584 | D:3      | Reached *** piety under Trog
  2753 | D:4      | Found a runed door.
  2864 | D:4      | Noticed Crazy Yiuf
  2870 | D:4      | HP: 2/54 [Crazy Yiuf/quarterstaff of chaos (3)]
  2872 | D:4      | Mangled by Crazy Yiuf

Skill      XL: |  1  2  3  4  5 |
---------------+----------------+-----
Fighting       | 3 |  3.6
Short Blades   | 4 5 |  5.2
Stealth        | 1 |  1.3
Dodging        | 3 |  3.5
Armour         | |  2.5

Action                   |  1- 3 |  4- 6 || total
-------------------------+-------+-------++-------
Melee: Short sword       |   128 |   149 ||   277
Invok: Berserk           |       |     3 ||     3
       Burn Spellbooks   |       |     1 ||     1
  Use: Scroll            |     4 |     4 ||     8
       Potion            |     2 |       ||     2
 Stab: Sleeping          |     3 |     1 ||     4
  Eat: Bread ration      |     1 |     1 ||     2
       Royal jelly       |       |     1 ||     1
Armor: Animal skin       |     2 |       ||     2
       Leather armour    |    33 |    37 ||    70
Dodge: Dodged            |    97 |   147 ||   244
